 Dungeon Crawl Stone Soup version v1.2 (webtiles) character file.

6967 AlphabetPasta the Spear-Bearer (level 11, -3/71 HPs)
             Began as an Imp Monk on Mar 4, 2017.
             Was a High Priest of Wu Jian.
             Slain by a polar bear (6 damage)
             ... on level 10 of the Dungeon.
             The game lasted 00:40:52 (7052 turns).

AlphabetPasta the Spear-Bearer (Imp Monk)           Turns: 7052, Time: 00:40:55

Health: -3/71      AC:  2    Str: 13    XL:     11   Next: 7%
Magic:  16/16      EV: 26    Int: 11    God:    Wu Jian [*****.]
Gold:   360        SH:  0    Dex: 18    Spells: 10/10 levels left

rFire    + . .     SeeInvis .   a - +1 trident (pierce)
rCold    x . .     Gourm    .   w - +0 robe {MR+}
rNeg     . . .     Faith    .   (shield currently unavailable)
rPois    +         Spirit   .   (helmet restricted)
rElec    .         Reflect  .   (no cloak)
rCorr    .         Harm     .   (gloves unavailable)
MR       ++...     Rnd*Tele +   (boots unavailable)
Stlth    +++.......             (no amulet)
Regen    1.1/turn               p - ring of stealth
MPRegen  0.2/turn               n - ring of poison resistance

@: no status effects
A: unfitting armour, horns 1, blink, fire resistance 1, regeneration 2,
screaming 2, teleportitis 2
a: Blink, Serpent's Lash, Heaven On Earth, Renounce Religion


You were on level 10 of the Dungeon.
You worshipped Wu Jian.
Wu Jian was extremely pleased with you.
You were hungry.

You visited 2 branches of the dungeon, and saw 11 of its levels.
You also visited: Sewer.

You collected 716 gold pieces.
You spent 356 gold pieces at shops.

Inventory:

Hand Weapons
 a - a +1 trident of piercing (weapon)
 b - a +0 blowgun
 i - a +1 trident
 A - a +0 spear
Missiles
 q - 36 poisoned needles
 u - 5 tomahawks (quivered)
Armour
 w - a +0 robe of magic resistance (worn)
 H - a +0 robe
Jewellery
 n - a ring of poison resistance (left hand)
 p - a ring of stealth (right hand)
 B - an uncursed ring of fire
Wands
 f - a wand of lightning (9/15)
 g - a wand of disintegration (16/24)
 l - a wand of random effects (4/48)
 m - a wand of disintegration (14/24)
 y - a wand of confusion (33/48)
 E - a wand of disintegration (15/24)
 F - a wand of iceblast (2/15)
 I - a wand of iceblast (4/15)
 J - a wand of flame (27/48)
Scrolls
 d - 2 scrolls of amnesia
 h - 3 scrolls of recharging
 k - a scroll of blinking
 o - 2 scrolls of teleportation
 D - a scroll of fear
Potions
 e - a potion of agility
 j - 3 potions of cancellation
 s - 2 potions of might
 t - a potion of resistance
 v - 4 potions of curing
 z - a potion of flight
 L - 2 potions of heal wounds
Comestibles
 c - 8 bread rations
 r - 3 meat rations
 x - 11 chunks of flesh


   Skills:
 + Level 9.0 Fighting
 * Level 12.1 Polearms
 + Level 7.1 Throwing
 + Level 9.6 Dodging
 - Level 2.1 Stealth
 + Level 6.6 Evocations


You had 10 spell levels left.
You didn't know any spells.

Dungeon Overview and Level Annotations

Branches:
Dungeon (10/15)            Temple (1/1) D:6             Orc (0/2) D:9
   Lair: D:8-11

Altars:
Ashenzari
Cheibriados
Dithmenos
Elyvilon
Fedhas
Gozag
Hepliaklqana
Kikubaaqudgha
Makhleb
Nemelex Xobeh
Okawaru
Qazlal
Ru
Sif Muna
Trog
Uskayaw
Vehumet
Wu Jian
Xom
Yredelemnul
Zin
The Shining One

Shops:
D:7 [   D:8 }   D:9 *![!


Innate Abilities, Weirdness & Mutations

You are very small and have problems with some larger weapons.
You are too small for most types of armour.
You have a pair of small horns on your head.
You can translocate small distances at will.
Your flesh is heat resistant. (rF+)
You heal very quickly.
You sometimes yell uncontrollably at your foes.
You are sometimes teleported next to monsters.


Message History

The polar bear is almost dead.
The polar bear misses you. The polar bear closely misses you.
The polar bear misses you.
You puncture the polar bear!
The polar bear is almost dead.
The polar bear completely misses you.
The polar bear claws you but does no damage.
The polar bear claws you.
You closely miss the polar bear.
The polar bear is almost dead.
The polar bear bites you!
* * * LOW HITPOINT WARNING * * *
The polar bear misses you. The polar bear closely misses you.
You hit the polar bear but do no damage.
Your headbutt misses the polar bear.
The polar bear is almost dead.
The polar bear bites you!
* * * LOW HITPOINT WARNING * * *
The polar bear misses you. The polar bear claws you.
You die...

## #.# #.# ##..#
#. ##@.# . ##.
##h### ..#..##.9#
........##
........#######.
.####...........
.### ##..........
....##...#####...
.........#


You could see a polar bear (berserk) and a gargoyle.

Vanquished Creatures
  A two-headed ogre (D:9)
  Pikel (D:7)
  A hippogriff (D:6)
  A spriggan (D:8)
  2 wyverns (D:9)
  A two-headed ogre zombie (D:9)
  Duvessa (D:7)
  A water moccasin (D:7)
  4 orc warriors
  3 ice beasts
  A sky beast (D:8)
  2 black bears
  4 phantoms
  A slave (D:6)
  3 ogres
  2 wolves
  The ghost of 2tousent the Ruffian, an amateur SETm (D:3)
  5 centaurs
  6 bullfrogs
  A wyvern zombie (D:6)
  Dowan (D:7)
  A scorpion (D:6)
  6 killer bees (D:7)
  8 howler monkeys
  A centaur zombie (D:8)
  4 crimson imps
  3 hounds
  8 orc priests
  2 bullfrog skeletons
  2 jellies
  Jessica (D:3)
  4 iguanas
  12 orc wizards
  2 worker ants
  7 ogre zombies (D:9)
  A hound skeleton (D:4)
  5 gnolls
  16 adders
  A river rat (D:3)
  3 shadow imps
  A white imp (D:10)
  A worker ant simulacrum (D:10)
  An ooze (D:3)
  An ufetubus (D:9)
  2 adder skeletons
  4 dart slugs
  5 leopard geckos
  34 orcs
  9 giant cockroaches
  7 goblins
  5 hobgoblins
  4 jackals (D:5)
  8 kobolds
  2 quokkas
  5 ball pythons
  7 bats
  11 frilled lizards
  5 goblin zombies (D:9)
  2 hobgoblin skeletons (D:9)
  4 hobgoblin zombies (D:9)
  2 orc skeletons (D:9)
  12 orc zombies (D:9)
  6 rats
268 creatures vanquished.

Vanquished Creatures (others)
  A slave (D:7)
  A howler monkey (D:7)
  An orc wizard (D:7)
3 creatures vanquished.

Grand Total: 271 creatures vanquished

Notes
Turn   | Place    | Note
-------+----------+-------------------------------------------
     0 | D:1      | AlphabetPasta the Imp Monk began the quest for the Orb.
     0 | D:1      | Reached XP level 1. HP: 14/14 MP: 1/1
   127 | D:1      | Reached XP level 2. HP: 20/20 MP: 2/2
   239 | D:1      | You fall through a shaft!
   284 | D:2      | Reached skill level 4 in Polearms
   290 | D:2      | Reached XP level 3. HP: 21/24 MP: 3/3
   632 | D:1      | Reached skill level 1 in Throwing
   858 | D:2      | Reached XP level 4. HP: 24/29 MP: 4/4
  1157 | D:3      | Found a sparkling altar of Nemelex Xobeh.
  1185 | D:3      | Noticed 2tousent's ghost (amateur SETm)
  1314 | D:3      | Noticed Jessica
  1321 | D:3      | Found a deep blue altar of Sif Muna.
  1345 | D:3      | Killed Jessica
  1345 | D:3      | Reached skill level 5 in Polearms
  1345 | D:3      | Reached skill level 5 in Dodging
  1345 | D:3      | Reached XP level 5. HP: 33/33 MP: 5/5
  1379 | D:3      | Found a glowing drain.
  1405 | Sewer    | Entered a sewer
  1549 | Sewer    | Reached skill level 1 in Evocations
  1680 | D:3      | Reached XP level 6. HP: 39/39 MP: 6/6
  1798 | D:3      | Found an opulent altar of Gozag.
  1847 | D:3      | Killed 2tousent's ghost
  1847 | D:3      | Reached skill level 6 in Polearms
  2414 | D:4      | Gained mutation: You heal very quickly. [Imp growth]
  2414 | D:4      | Gained mutation: You are sometimes teleported next to monsters. [Imp growth]
  2414 | D:4      | Gained mutation: You sometimes yell uncontrollably at your foes. [Imp growth]
  2414 | D:4      | Reached XP level 7. HP: 44/44 MP: 8/8
  2557 | D:4      | Found a hazy altar of Hepliaklqana.
  2719 | D:4      | Reached skill level 5 in Fighting
  2839 | D:4      | Found a bloodstained altar of Trog.
  2840 | D:4      | Found an iron altar of Okawaru.
  2901 | D:5      | Entered Level 5 of the Dungeon
  2958 | D:5      | Reached skill level 7 in Polearms
  3094 | D:5      | Reached XP level 8. HP: 50/50 MP: 10/10
  3227 | D:5      | Found a basalt altar of Yredelemnul.
  3369 | D:5      | Reached skill level 8 in Polearms
  3421 | D:5      | Found a shattered altar of Ashenzari.
  3543 | D:6      | Noticed a hippogriff
  3569 | D:6      | Killed a hippogriff
  3637 | D:6      | Found a burning altar of Makhleb.
  3918 | D:6      | Reached XP level 9. HP: 37/56 MP: 12/12
  4220 | D:6      | Reached skill level 9 in Polearms
  4304 | D:6      | Found a staircase to the Ecumenical Temple.
  4314 | Temple   | Entered the Ecumenical Temple
  4351 | Temple   | Became a worshipper of the Wu Jian Council
  4351 | Temple   | Reached * piety under Wu Jian
  4351 | Temple   | Reached ** piety under Wu Jian
  4414 | D:7      | Noticed Duvessa
  4414 | D:7      | Noticed Dowan
  4414 | D:7      | Noticed Pikel
  4520 | D:7      | Reached skill level 5 in Throwing
  4558 | D:7      | Found a sparkling altar of Nemelex Xobeh.
  4571 | D:7      | Killed Duvessa
  4575 | D:7      | Killed Dowan
  4578 | D:7      | Killed Pikel
  4578 | D:7      | Reached skill level 10 in Polearms
  4578 | D:7      | Reached skill level 5 in Evocations
  4891 | D:7      | Found Qustuaf's Armour Shoppe.
  5074 | D:7      | Reached XP level 10. HP: 63/63 MP: 13/13
  5228 | D:8      | Found Juenano's Gadget Shop.
  5252 | D:8      | Found a stormy altar of Qazlal.
  5623 | D:8      | Found a deep blue altar of Sif Muna.
  5786 | D:9      | Reached *** piety under Wu Jian
  5859 | D:9      | Reached skill level 11 in Polearms
  5951 | D:9      | Found Hegaac's Distillery.
  5958 | D:9      | Bought a potion of lignification for 48 gold pieces
  5958 | D:9      | Bought a potion of heal wounds for 80 gold pieces
  5958 | D:9      | Bought a potion of heal wounds for 80 gold pieces
  5958 | D:9      | Bought a potion of agility for 64 gold pieces
  5983 | D:9      | Found a glowing golden altar of the Shining One.
  5983 | D:9      | Found a shimmering altar of Xom.
  6012 | D:9      | Found a staircase to the Orcish Mines.
  6113 | D:9      | Reached **** piety under Wu Jian
  6237 | D:9      | Found Onkitido's General Store.
  6238 | D:9      | Found a glowing silver altar of Zin.
  6364 | D:9      | Found Mablehib's Armour Emporium.
  6374 | D:9      | Noticed a two-headed ogre
  6397 | D:9      | Killed a two-headed ogre
  6462 | D:9      | Found a stormy altar of Qazlal.
  6512 | D:9      | Found Qixku's Distillery.
  6515 | D:9      | Bought a potion of degeneration for 14 gold pieces
  6515 | D:9      | Bought a potion of heal wounds for 70 gold pieces
  6524 | D:9      | Found a sacrificial altar of Ru.
  6824 | D:10     | Entered Level 10 of the Dungeon
  6863 | D:9      | Reached XP level 11. HP: 54/69 MP: 15/15
  6952 | D:10     | Reached ***** piety under Wu Jian
  6956 | D:10     | Reached skill level 12 in Polearms
  7052 | D:10     | HP: 3/71 [polar bear (13)]
  7052 | D:10     | Slain by a polar bear

Skill      XL: |  1  2  3  4  5  6  7  8  9 10 11 |
---------------+----------------------------------+-----
Polearms       | 4 5 6 7 8 10 11 12 | 12.1
Fighting       | 4 5 6 7 8 9 |  9.0
Throwing       | 1 2 3 4 5 7 |  7.1
Dodging        | 5 6 7 8 9 |  9.6
Evocations     | 1 2 4 5 6 |  6.6
Stealth        | |  2.1

Action                   |  1- 3 |  4- 6 |  7- 9 | 10-12 || total
-------------------------+-------+-------+-------+-------++-------
Melee: Spear             |    35 |       |       |       ||    35
       Headbutt          |     7 |    26 |    60 |    94 ||   187
       Trident           |    55 |   195 |   362 |   419 ||  1031
Throw: Tomahawk          |       |       |     3 |       ||     3
 Abil: Blink             |     1 |     1 |       |     1 ||     3
Evoke: Wand              |       |       |     1 |     1 ||     2
  Use: Potion            |     1 |     2 |     4 |     3 ||    10
       Scroll            |       |     9 |     5 |     9 ||    23
 Stab: Sleeping          |     2 |     4 |     8 |     8 ||    22
       Distracted        |     1 |     1 |       |       ||     2
       Confused          |       |       |     1 |       ||     1
       Invisible         |       |       |     3 |       ||     3
  Eat: Chunk             |       |     5 |     8 |     5 ||    18
       Royal jelly       |       |       |     1 |       ||     1
       Fruit             |       |       |     1 |       ||     1
Armor: Robe              |     6 |    13 |    13 |    12 ||    44
Dodge: Dodged            |    69 |   189 |   269 |   244 ||   771
